3L
VANCOUVER GREY WOLVES @ LONG ISLAND LIGHTHOUSE
09/15/2041
 
TOP OF THE 1ST
Vancouver Grey Wolves batting - Pitching for Long Island Lighthouse : RHP Greg Hodge
Pitching: RHP Greg Hodge
Batting: LHB Yoritomo Sato 0-0: Foul Ball, location: 2F
0-1: Ground out 6-3 (Groundball, 6, EV 108.1 MPH)
Batting: LHB José Arras 0-0: Called Strike
0-1: SINGLE (Line Drive, 9LS, EV 91.9 MPH)
Batting: LHB Robbie Brendle 0-0: Ball
1-0: Swinging Strike
1-1: Fielders Choice at 2nd, 4-6 (Groundball, 4, EV 85.6 MPH)
Batting: LHB Javier Sánchez 0-0: Ball
1-0: Called Strike
Robbie Brendle steals 2nd base
1-1: Ball
2-1: Ground out 4-3 (Groundball, 4, EV 93.8 MPH)
Top of the 1st over - 0 runs, 1 hit, 0 errors, 1 left on base; Vancouver 0 - Long Island 0
BOTTOM OF THE 1ST
Long Island Lighthouse batting - Pitching for Vancouver Grey Wolves : LHP Hong-bin Hua
Pitching: LHP Hong-bin Hua
Batting: RHB Eugene Bennett 0-0: Ball
1-0: Foul Ball, location: 2F
1-1: Ball
2-1: Fly out, F6 (Flyball, 56D, EV 72.5 MPH)
Batting: RHB Mark Toope 0-0: SINGLE (Groundball, 4D, EV 103.1 MPH)
Batting: RHB Jonas van Claveren 0-0: Called Strike
0-1: Ball
1-1: Ball
2-1: Swinging Strike
2-2: SINGLE (Flyball, 7S, EV 88.8 MPH)
Mark Toope to second
Batting: RHB Oliver Villalva 0-0: Ball
1-0: Fly out, F9 (Line Drive, 9, EV 93.1 MPH)
Batting: RHB Carlos Mendoza 0-0: Ball
1-0: Ball
2-0: Ball
3-0: Base on Balls
Mark Toope to third
Jonas van Claveren to second
Batting: RHB Quan Easterling 0-0: Ball
1-0: Fielders Choice at 2nd, 6-4 (Groundball, 6, EV 101.2 MPH)
Bottom of the 1st over - 0 runs, 2 hits, 0 errors, 3 left on base; Vancouver 0 - Long Island 0
TOP OF THE 2ND
Vancouver Grey Wolves batting - Pitching for Long Island Lighthouse : RHP Greg Hodge
Batting: RHB Rafael Maldonado 0-0: Ball
1-0: Called Strike
1-1: Foul Ball, location: 2F
1-2: Strikes out looking
Batting: RHB Phil van Oosterom 0-0: Ball
1-0: Called Strike
1-1: SINGLE (Groundball, 6D, EV 105.0 MPH)
Batting: RHB Kao-tsu Koo 0-0: SINGLE (Flyball, 7LM, EV 86.9 MPH)
Phil van Oosterom to second
Batting: LHB Cameron Woolever 0-0: DOUBLE (Groundball, 3L, EV 98.1 MPH)
Phil van Oosterom scores
Kao-tsu Koo to third
Runner from 3rd tries for Home, SAFE, throw by RF to trailing runner, OUT at third! 9-4-5
Batting: RHB David Stone 0-0: Ball
1-0: Ball
2-0: Called Strike
2-1: Called Strike
2-2: Foul Ball, location: 2F
2-2: Foul Ball, location: 2F
2-2: Ball
3-2: Foul Ball, location: 2F
3-2: Foul Ball, location: 2F
3-2: Foul Ball, location: 2F
3-2: Base on Balls
Batting: LHB Yoritomo Sato 0-0: Ball
1-0: Foul Ball, location: 2F
1-1: Called Strike
1-2: Ball
2-2: SINGLE (Line Drive, 6M, EV 96.9 MPH)
David Stone to second
Batting: LHB José Arras 0-0: Foul Ball, location: 2F
0-1: Ball
1-1: Foul Ball, location: 2F
1-2: Ball
2-2: Ball
3-2: 3-RUN HOME RUN (Flyball, 78XD, EV 93.1 MPH), Distance : 419 ft
Batting: LHB Robbie Brendle 0-0: Ball
1-0: Called Strike
1-1: Foul Ball, location: 2F
1-2: Ball
2-2: Strikes out looking
Top of the 2nd over - 5 runs, 5 hits, 0 errors, 0 left on base; Vancouver 5 - Long Island 0
BOTTOM OF THE 2ND
Long Island Lighthouse batting - Pitching for Vancouver Grey Wolves : LHP Hong-bin Hua
Batting: SHB Vicente Romero 0-0: Ball
1-0: Ground out 6-3 (Groundball, 6D, EV 100.6 MPH)
Batting: RHB Nathan Pruitt 0-0: Ball
1-0: Called Strike
1-1: SINGLE (Line Drive, 7LS, EV 106.9 MPH)
Batting: LHB Daniel Joseph 0-0: Called Strike
0-1: SINGLE (Groundball, 4MD, EV 97.5 MPH)
Nathan Pruitt to second
Batting: RHB Eugene Bennett 0-0: Called Strike
0-1: Ball
1-1: Ball
2-1: Fielders Choice at 2nd, 4-6 (Groundball, 4M, EV 95.0 MPH)
Nathan Pruitt to third
Batting: RHB Mark Toope 0-0: Ball
1-0: Foul Ball, location: 2F
1-1: Foul Ball, location: 2F
1-2: Ball
2-2: Ball
3-2: Ground out 5-3 (Groundball, 56S, EV 72.5 MPH)
Bottom of the 2nd over - 0 runs, 2 hits, 0 errors, 2 left on base; Vancouver 5 - Long Island 0
TOP OF THE 3RD
Vancouver Grey Wolves batting - Pitching for Long Island Lighthouse : RHP Greg Hodge
Batting: LHB Javier Sánchez 0-0: Called Strike
0-1: Foul Ball, location: 2F
0-2: Ball
1-2: Ball
2-2: Foul Ball, location: 2F
2-2: Ball
3-2: SINGLE (Line Drive, 6D, EV 100.0 MPH)
Batting: RHB Rafael Maldonado 0-0: Called Strike
0-1: Fly out, F8 (Flyball, 8RM, EV 80.0 MPH)
Batting: RHB Phil van Oosterom 0-0: Called Strike
0-1: Ball
1-1: Foul Ball, location: 2F
1-2: Foul Ball, location: 2F
1-2: SINGLE (Groundball, 34D, EV 100.0 MPH)
Javier Sánchez to second
Runner from 2nd tries for 3rd, SAFE, no throw by RF
Batting: RHB Kao-tsu Koo 0-0: Ball
1-0: Ball
2-0: Foul Ball, location: 2F
2-1: Ball
3-1: Foul Ball, location: 2F
3-2: DOUBLE (Line Drive, 5D, EV 97.5 MPH)
Javier Sánchez scores
Phil van Oosterom to third
Phil van Oosterom scores
Pitching: RHP Aldo Raine
Batting: LHB Cameron Woolever 0-0: Ground out U3 (Groundball, 3, EV 100.6 MPH)
Kao-tsu Koo to third
Batting: RHB David Stone 0-0: Ball
1-0: Fly out, F8 (Line Drive, 8LXD, EV 98.8 MPH)
Top of the 3rd over - 2 runs, 3 hits, 0 errors, 1 left on base; Vancouver 7 - Long Island 0
BOTTOM OF THE 3RD
Long Island Lighthouse batting - Pitching for Vancouver Grey Wolves : LHP Hong-bin Hua
Batting: RHB Jonas van Claveren 0-0: Called Strike
0-1: SINGLE (Groundball, 56D, EV 106.2 MPH)
Batting: RHB Oliver Villalva 0-0: Foul Ball, location: 2F
0-1: Called Strike
0-2: Ball
1-2: Ball
2-2: DOUBLE (Line Drive, 89D, EV 100.0 MPH)
Jonas van Claveren to third
Runner from 3rd tries for Home, SAFE, throw by CF to trailing runner, SAFE at third!
Batting: RHB Carlos Mendoza 0-0: Swinging Strike
0-1: Called Strike
0-2: Ball
1-2: Strikes out swinging
Batting: RHB Quan Easterling 0-0: Ball
1-0: Ground out 5-3 (Groundball, 56S, EV 72.5 MPH)
Oliver Villalva scores
Batting: SHB Vicente Romero 0-0: Ground out 6-3 (Groundball, 6M, EV 86.2 MPH)
Bottom of the 3rd over - 2 runs, 2 hits, 0 errors, 0 left on base; Vancouver 7 - Long Island 2
TOP OF THE 4TH
Vancouver Grey Wolves batting - Pitching for Long Island Lighthouse : RHP Aldo Raine
Batting: LHB Yoritomo Sato 0-0: Ball
1-0: Called Strike
1-1: Called Strike
1-2: Foul Ball, location: 2F
1-2: Ball
2-2: Ground out 1-3 (Groundball, P, EV 91.2 MPH)
Batting: LHB José Arras 0-0: Swinging Strike
0-1: SINGLE (Line Drive, 89S, EV 96.2 MPH)
Batting: LHB Robbie Brendle 0-0: Called Strike
0-1: Swinging Strike
0-2: Strikes out looking
Batting: LHB Javier Sánchez 0-0: Ball
1-0: Called Strike
1-1: Swinging Strike
1-2: Ball
2-2: Strikes out looking
Top of the 4th over - 0 runs, 1 hit, 0 errors, 1 left on base; Vancouver 7 - Long Island 2
BOTTOM OF THE 4TH
Long Island Lighthouse batting - Pitching for Vancouver Grey Wolves : LHP Hong-bin Hua
Batting: RHB Nathan Pruitt 0-0: Ball
1-0: Foul Ball, location: 2F
1-1: Ball
2-1: Swinging Strike
2-2: Hit by Pitch
Batting: LHB Daniel Joseph 0-0: Called Strike
0-1: Foul Ball, location: 2F
0-2: Fly out, F5 (Popup, 5, EV 60.0 MPH)
Batting: RHB Eugene Bennett 0-0: Swinging Strike
0-1: Foul Ball, location: 2F
0-2: Foul Ball, location: 2F
0-2: Foul Ball, location: 2F
0-2: Ball
1-2: Ball
2-2: Fly out, F9 (Flyball, 9S, EV 87.5 MPH)
Batting: RHB Mark Toope 0-0: Ball
1-0: Called Strike
1-1: Foul Ball, location: 2F
1-2: Ball
2-2: Ball
3-2: Fly out, F2 (Popup, 13S, EV 86.2 MPH)
Bottom of the 4th over - 0 runs, 0 hits, 0 errors, 1 left on base; Vancouver 7 - Long Island 2
TOP OF THE 5TH
Vancouver Grey Wolves batting - Pitching for Long Island Lighthouse : RHP Aldo Raine
Batting: RHB Rafael Maldonado 0-0: Swinging Strike
0-1: Ball
1-1: Ball
2-1: Foul Ball, location: 2F
2-2: Ball
3-2: Foul Ball, location: 2F
3-2: SINGLE (Line Drive, 56D, EV 101.2 MPH)
Batting: RHB Phil van Oosterom 0-0: Ball
1-0: Swinging Strike
1-1: Swinging Strike
1-2: SINGLE (Groundball, 6MD, EV 96.2 MPH)
Rafael Maldonado to second
Batting: RHB Kao-tsu Koo 0-0: Ball
1-0: Ball
2-0: Foul Ball, location: 2F
2-1: Swinging Strike
2-2: Ball
3-2: Strikes out swinging
Batting: LHB Cameron Woolever 0-0: Ball
1-0: Called Strike
1-1: Ball
2-1: SINGLE (Groundball, 4, EV 108.1 MPH) (infield hit)
Rafael Maldonado to third
Phil van Oosterom to second
Batting: RHB David Stone 0-0: Ball
1-0: SINGLE (Flyball, 7S, EV 97.5 MPH)
Rafael Maldonado scores
Phil van Oosterom to third
Cameron Woolever to second
Throwing error, E7
Phil van Oosterom scores
Cameron Woolever to third
David Stone to second
Batting: LHB Yoritomo Sato 0-0: Ball
1-0: Ball
2-0: Called Strike
2-1: Ground out 6-3 (Groundball, 6, EV 81.9 MPH)
Cameron Woolever scores
Batting: LHB José Arras 0-0: Foul Ball, location: 2F
0-1: Called Strike
0-2: Fly out, F8 (Flyball, 78M, EV 78.8 MPH)
Top of the 5th over - 3 runs, 4 hits, 1 error, 1 left on base; Vancouver 10 - Long Island 2
BOTTOM OF THE 5TH
Long Island Lighthouse batting - Pitching for Vancouver Grey Wolves : LHP Hong-bin Hua
Batting: RHB Jonas van Claveren 0-0: Ball
1-0: Ground out 6-3 (Groundball, 6MS, EV 87.5 MPH)
Batting: RHB Oliver Villalva 0-0: Foul Ball, location: 2F
0-1: Ball
1-1: Called Strike
1-2: Ball
2-2: Strikes out swinging
Batting: RHB Carlos Mendoza 0-0: Called Strike
0-1: Foul Ball, location: 2F
0-2: Ball
1-2: Foul Ball, location: 2F
1-2: Ball
2-2: Ground out 6-3 (Groundball, 6, EV 81.2 MPH)
Bottom of the 5th over - 0 runs, 0 hits, 0 errors, 0 left on base; Vancouver 10 - Long Island 2
TOP OF THE 6TH
Vancouver Grey Wolves batting - Pitching for Long Island Lighthouse : RHP Aldo Raine
Batting: LHB Robbie Brendle 0-0: Ball
1-0: Foul Ball, location: 2LF, Error on foul ball, E2
1-1: Fly out, F8 (Flyball, 8LD, EV 86.9 MPH)
Batting: LHB Javier Sánchez 0-0: Ball
1-0: Fly out, F7 (Line Drive, 7, EV 88.8 MPH)
Batting: RHB Rafael Maldonado 0-0: Ball
1-0: Foul Ball, location: 2F
1-1: Ball
2-1: Ball
3-1: DOUBLE (Line Drive, 8RXD, EV 112.5 MPH)
Batting: RHB Phil van Oosterom 0-0: Ball
1-0: SINGLE (Flyball, 78M, EV 91.2 MPH)
Rafael Maldonado to third
Runner from 3rd tries for Home, throw by CF and OUT! 8-2
Top of the 6th over - 0 runs, 2 hits, 1 error, 1 left on base; Vancouver 10 - Long Island 2
BOTTOM OF THE 6TH
Long Island Lighthouse batting - Pitching for Vancouver Grey Wolves : LHP Hong-bin Hua
Batting: RHB Quan Easterling 0-0: Called Strike
0-1: SOLO HOME RUN (Flyball, 9LD, EV 88.1 MPH), Distance : 353 ft
Batting: SHB Vicente Romero 0-0: Foul Ball, location: 2F
0-1: Ground out 5-3 (Groundball, 56S, EV 90.0 MPH)
Batting: RHB Nathan Pruitt 0-0: Ball
1-0: Called Strike
1-1: Swinging Strike
1-2: Foul Ball, location: 2F
1-2: Foul Ball, location: 2F
1-2: Foul Ball, location: 2F
1-2: Ball
2-2: Ball
3-2: Strikes out swinging
Pitching: LHP Ángel Flores
Batting: LHB Daniel Joseph 0-0: Called Strike
0-1: Ground out U3 (Groundball, 34, EV 81.9 MPH)
Bottom of the 6th over - 1 run, 1 hit, 0 errors, 0 left on base; Vancouver 10 - Long Island 3
TOP OF THE 7TH
Vancouver Grey Wolves batting - Pitching for Long Island Lighthouse : RHP Aldo Raine
Batting: RHB Kao-tsu Koo 0-0: Called Strike
0-1: Ground out 5-3 (Groundball, 56, EV 92.5 MPH)
Pinch Hitting: RHB Jason Watts 0-0: Called Strike
0-1: Ball
1-1: Ball
2-1: Ball
3-1: Fly out, F7 (Flyball, 78S, EV 73.1 MPH)
Batting: RHB David Stone 0-0: Ball
1-0: Called Strike
1-1: Ball
2-1: Swinging Strike
2-2: Ball
3-2: Base on Balls
Batting: LHB Yoritomo Sato 0-0: Called Strike
0-1: Foul Ball, location: 2F
0-2: Ball
1-2: Foul Ball, location: 2F
1-2: Fielders Choice at 2nd, 5-4 (Groundball, 56, EV 87.5 MPH)
Top of the 7th over - 0 runs, 0 hits, 0 errors, 1 left on base; Vancouver 10 - Long Island 3
BOTTOM OF THE 7TH
Long Island Lighthouse batting - Pitching for Vancouver Grey Wolves : LHP Ángel Flores
Now in LF: Jason Watts
Pinch Hitting: RHB Myles Brundidge 0-0: Ball
1-0: Ground out 6-3 (Groundball, 4MD, EV 89.4 MPH)
Pinch Hitting: RHB Tim Gray 0-0: Called Strike
0-1: Ball
1-1: Swinging Strike
1-2: Foul Ball, location: 2F
1-2: Hit by Pitch
Batting: RHB Jonas van Claveren 0-0: Fly out, F9 (Flyball, 89M, EV 89.4 MPH)
Batting: RHB Oliver Villalva 0-0: Called Strike
0-1: Ball
1-1: Swinging Strike
1-2: Ball
2-2: Strikes out swinging
Bottom of the 7th over - 0 runs, 0 hits, 0 errors, 1 left on base; Vancouver 10 - Long Island 3
TOP OF THE 8TH
Vancouver Grey Wolves batting - Pitching for Long Island Lighthouse : RHP Aldo Raine
Pitching: LHP Fred Proctor
Now at 1B: Myles Brundidge
Now in RF: Héctor Velázquez
Batting: LHB José Arras 0-0: Called Strike
0-1: Called Strike
0-2: Foul Ball, location: 2F
0-2: Ball
1-2: Strikes out swinging
Batting: LHB Robbie Brendle 0-0: Ball
1-0: Foul Ball, location: 2F
1-1: SINGLE (Line Drive, 78M, EV 99.4 MPH)
Batting: LHB Javier Sánchez 0-0: Ball
1-0: Grounds into double play, 4-6-3 (Groundball, 4, EV 78.8 MPH)
Top of the 8th over - 0 runs, 1 hit, 0 errors, 0 left on base; Vancouver 10 - Long Island 3
BOTTOM OF THE 8TH
Long Island Lighthouse batting - Pitching for Vancouver Grey Wolves : LHP Ángel Flores
Batting: RHB Carlos Mendoza 0-0: Ball
1-0: Foul Ball, location: 2F
1-1: Ball
2-1: Swinging Strike
2-2: SINGLE (Groundball, 6MD, EV 103.1 MPH)
Batting: RHB Quan Easterling 0-0: Called Strike
0-1: Ball
1-1: Foul Ball, location: 2F
1-2: 2-RUN HOME RUN (Flyball, 78XD, EV 108.8 MPH), Distance : 425 ft
Batting: SHB Vicente Romero 0-0: Called Strike
0-1: Swinging Strike
0-2: Ball
1-2: Ball
2-2: Ground out 6-3 (Groundball, 6, EV 85.0 MPH)
Batting: RHB Nathan Pruitt 0-0: Called Strike
0-1: Swinging Strike
0-2: Ball
1-2: Ball
2-2: Foul Ball, location: 2F
2-2: Foul Ball, location: 2F
2-2: Ball
3-2: Foul Ball, location: 2F
3-2: Foul Ball, location: 2F
3-2: Base on Balls
Pitching: RHP Ainanani Oliwa
Batting: LHB Daniel Joseph 0-0: Swinging Strike
0-1: Ball
1-1: Foul Ball, location: 2F
1-2: Foul Ball, location: 2F
1-2: SINGLE (Flyball, 56D, EV 89.4 MPH)
Nathan Pruitt to second
Batting: RHB Myles Brundidge 0-0: Foul Ball, location: 2F
0-1: Ball
1-1: Foul Ball, location: 2F
1-2: Strikes out swinging
Batting: LHB Héctor Velázquez 0-0: Ball
1-0: Ball
2-0: Foul Ball, location: 2F
2-1: Ball
3-1: Base on Balls
Nathan Pruitt to third
Daniel Joseph to second
Batting: RHB Jonas van Claveren 0-0: Ball
1-0: Ball
2-0: Fly out, F7 (Flyball, 7S, EV 77.5 MPH)
Bottom of the 8th over - 2 runs, 3 hits, 0 errors, 3 left on base; Vancouver 10 - Long Island 5
TOP OF THE 9TH
Vancouver Grey Wolves batting - Pitching for Long Island Lighthouse : LHP Fred Proctor
Batting: RHB Rafael Maldonado 0-0: Ground out 4-3 (Groundball, 4, EV 101.9 MPH)
Batting: RHB Phil van Oosterom 0-0: Ball
1-0: Ball
2-0: Called Strike
2-1: Foul Ball, location: 2F
2-2: Ball
3-2: Strikes out swinging
Batting: RHB Kao-tsu Koo 0-0: Ball
1-0: Ball
2-0: Ball
3-0: Base on Balls
Batting: RHB Jason Watts 0-0: Ball
1-0: Fly out, F9 (Flyball, 89XD, EV 97.5 MPH)
Top of the 9th over - 0 runs, 0 hits, 0 errors, 1 left on base; Vancouver 10 - Long Island 5
BOTTOM OF THE 9TH
Long Island Lighthouse batting - Pitching for Vancouver Grey Wolves : RHP Ainanani Oliwa
Batting: RHB Oliver Villalva 0-0: Ball
1-0: Foul Ball, location: 2F
1-1: Ball
2-1: Foul Ball, location: 2F
2-2: Ball
3-2: Base on Balls
Batting: RHB Carlos Mendoza 0-0: Ball
1-0: Ball
2-0: Ball
3-0: Called Strike
3-1: Foul Ball, location: 2F
3-2: Foul Ball, location: 2F
3-2: Ground out 6-3 (Groundball, 6, EV 105.6 MPH)
Oliver Villalva to second
Batting: RHB Quan Easterling 0-0: Ball
1-0: Ball
2-0: Ball
3-0: Base on Balls
Pitching: RHP Alejandro Araya
Batting: SHB Vicente Romero 0-0: Ball
1-0: Ball
2-0: Called Strike
2-1: Fly out, F7 (Flyball, 7LSF, EV 95.6 MPH)
Batting: RHB Nathan Pruitt 0-0: Swinging Strike
0-1: Ball
1-1: Ball
2-1: Called Strike
2-2: Ball
3-2: Ground out 6-3 (Groundball, 6, EV 108.8 MPH)
Bottom of the 9th over - 0 runs, 0 hits, 0 errors, 2 left on base; Vancouver 10 - Long Island 5
Tuesday, January 5th, 2021 - OOTP Baseball 20.8 Build 74